 Dungeon Crawl Stone Soup version 0.29.1-12-g30fa7ad0bf (webtiles) character file.

Game seed: 15202421593256827425

10313 raph the Arsonist (level 11, 0/61 HPs)
             Began as a Deep Elf Fire Elementalist on Dec 23, 2022.
             Was an Elder of Sif Muna.
             Slain by an eight-headed hydra (13 damage)
             ... on level 2 of the Lair of Beasts.
             The game lasted 00:21:59 (14545 turns).

raph the Arsonist (Deep Elf Fire Elementalist)     Turns: 14545, Time: 00:22:00

Health: 0/61       AC:  5    Str:  5    XL:     11   Next: 34%
Magic:  18/24      EV: 15    Int: 25    God:    Sif Muna [****..]
Gold:   278        SH:  0    Dex: 15    Spells: 7/24 levels left

rFire   . . .      SeeInvis .   z - +6 scimitar (flame)
rCold   + . .      Faith    .   (no shield)
rNeg    . . .      Spirit   .   f - +0 robe
rPois   .          Reflect  .   (no helmet)
rElec   .          Harm     .   k - +2 cloak
rCorr   .          Rampage  .   (no gloves)
Will    +....                   (no boots)
Stlth   ++........              p - amulet of regeneration
HPRegen 1.00/turn               d - ring of protection from cold
MPRegen 0.19/turn               v - ring of wizardry

@: no status effects
A: no striking features
a: Renounce Religion, Channel Magic, Forget Spell, Divine Exegesis


You were on level 2 of the Lair of Beasts.
You worshipped Sif Muna.
Sif Muna was greatly pleased with you.
You visited 3 branches of the dungeon, and saw 12 of its levels.
You also visited: Ossuary.

You collected 446 gold pieces.
You spent 168 gold pieces at shops.

Inventory:

Hand Weapons
 a - a +3 short sword of draining
 b - a +0 shortbow
 c - a +0 dagger
 z - a +6 scimitar of flaming (weapon)
Missiles
 q - 3 throwing nets
 L - a curare-tipped dart
 M - 14 poisoned darts
Armour
 f - a +0 robe (worn)
 j - a +0 cloak
 k - a +2 cloak (worn)
Jewellery
 d - a ring of protection from cold (left hand)
 p - an amulet of regeneration (around neck)
 t - an amulet of reflection
 u - a ring of resist corrosion
 v - a ring of wizardry (right hand)
 y - a ring of protection from cold
 C - an amulet of the acrobat
Wands
 m - a wand of charming (12)
 B - a wand of flame (22)
 J - a wand of light (8)
 N - a wand of iceblast (2)
Scrolls
 n - a scroll of immolation
 o - a scroll of amnesia
 r - a scroll of blinking
 I - a scroll of enchant armour
 K - a scroll of butterflies
 O - a scroll of identify
Potions
 e - 4 potions of heal wounds
 g - a potion of attraction
 h - 6 potions of flight
 i - 3 potions of haste
 l - 4 potions of magic
 s - 3 potions of berserk rage
 w - 2 potions of lignification {unknown}
 x - a potion of curing
 A - a potion of brilliance {unknown}
 D - a potion of cancellation
 E - 3 potions of invisibility
 F - 6 potions of ambrosia
 G - a potion of might
 H - 2 potions of mutation


   Skills:
 + Level 4.0 Fighting
 + Level 6.6 Dodging
 - Level 2.4 Stealth
 + Level 7.3 Spellcasting
 - Level 10.4 Conjurations
 * Level 3.7 Necromancy
 * Level 11.6 Fire Magic
 + Level 6.9 Invocations


You had 7 spell levels left.
You knew the following spells:

 Your Spells              Type           Power      Damage    Failure   Level
a - Foxfire               Conj/Fire      100%       2x1d9     1%          1
b - Scorch                Fire           100%       2d10      1%          2
c - Conjure Flame         Conj/Fire      59%        6-21      1%          3
d - Inner Flame           Hex/Fire       38%        N/A       1%          3
e - Flame Wave            Conj/Fire      59%        2d14      1%          4
f - Animate Dead          Necr           27%        N/A       6%          4

Your spell library contained the following spells:

 Spells                   Type           Power      Damage    Failure   Level
 Borgnjor's Vile Clutch   Necr/Erth      9%         N/A       32%         5
 Death Channel            Necr           13%        N/A       61%         6


Dungeon Overview and Level Annotations

Branches:
Dungeon (9/15)             Temple (1/1) D:5            Lair (2/5) D:9
Ossuary (visited)
  Swamp: Lair:2-3    Shoals: Lair:2-3     Snake: Lair:2-3    Spider: Lair:2-3
    Orc: D:9-12

Altars:
Ashenzari
Cheibriados
Dithmenos
Elyvilon
Hepliaklqana
Kikubaaqudgha
Makhleb
Nemelex Xobeh
Okawaru
Qazlal
Ru
Sif Muna
Trog
Uskayaw
Vehumet
Wu Jian
Xom
Yredelemnul
Zin
The Shining One

Shops:
D:1 *


Message History

Confirm with . or Enter, or press ? or * to list all spells.
Casting: Flame Wave (safe; 1% risk of failure)
Press: ? - help, Dir - look around, f - activate A wave of flame ripples out!
The flame wave engulfs the plant!
The plant begins to die.
The plant is lightly damaged.
The flame wave engulfs the plant.
The plant begins to die.
The plant is lightly damaged. (Press . to intensify the flame waves.)
A wave of flame ripples out!
The flame wave engulfs the eight-headed hydra!
The eight-headed hydra is moderately wounded.
The flame wave engulfs the water moccasin.
The water moccasin is lightly wounded.
The flame wave engulfs the plant!
The plant is lightly damaged.
The flame wave engulfs the plant!
The plant is lightly damaged.
The water moccasin bites you! The eight-headed hydra bites you! x3
The eight-headed hydra barely misses you.
The eight-headed hydra closely misses you.
The eight-headed hydra bites you. x2
The eight-headed hydra completely misses you.
A wave of flame ripples out!
The flame wave engulfs the eight-headed hydra!
The eight-headed hydra is heavily wounded.
The flame wave engulfs the water moccasin!!
The water moccasin is almost dead.
The flame wave engulfs the plant!
The plant is moderately damaged.
The flame wave engulfs the plant!
The plant is lightly damaged.
You finish channelling waves of flame.
The water moccasin bites you.
* * * LOW HITPOINT WARNING * * *
The water moccasin bites you but does no damage.
The eight-headed hydra bites you.
* * * LOW HITPOINT WARNING * * *
The eight-headed hydra completely misses you.
The eight-headed hydra bites you!
You die...

.#.~~≈≈≈~≈~.....##.....
...~≈≈~~~~≈~.......#P...
..~≈≈≈..~≈≈~......P....P
..~~≈≈~<~≈≈~~..........
.#~≈≈≈~.~≈≈~.........# ......
#.~≈≈~~≈≈~~~........###.....#
...~~≈≈≈≈≈~~.........#.P.....##
.....~~≈≈~~.#..DP..........#..###
####.~.~~~...##S@...............#
##.~......###P..............#
####.....# ##..............#
#....#####............<.##
#.......##...............#
####.....P...........##..#
#####..............####
#........###P### #.........####


You could see an eight-headed hydra and a water moccasin.

Vanquished Creatures
  A centaur warrior (D:9)
  A two-headed ogre (D:9)
  Urug (Lair:1)
  A black mamba (Lair:1)
  2 cane toads
  3 komodo dragons (Lair:1)
  A queen bee (Lair:1)
  A polar bear (Lair:1)
  Prince Ribbit (D:7)
  3 yaks (Lair:1)
  2 wyverns
  2 water moccasins
  2 black bears
  4 orc warriors
  5 ice beasts
  An ogre (D:4)
  A centaur (D:8)
  2 phantoms
  3 kobold brigands
  2 bullfrogs (D:7)
  4 scorpions
  3 gnoll sergeants
  3 water moccasin zombies (Ossuary)
  13 wights
  34 killer bees
  2 jellies
  5 orc priests
  A gnoll bouda (D:9)
  7 orc wizards
  7 hell rats (Lair:1)
  2 mummies (Ossuary)
  17 gnolls
  3 adders
  3 white imps
  3 ufetubi
  An adder zombie (Ossuary)
  2 worms
  4 dart slugs
  34 orcs
  4 ball pythons
  5 bats
  8 endoplasms
  2 giant cockroaches
  5 gnoll zombies (Ossuary)
  11 goblins
  12 hobgoblins
  4 jackals
  3 quokkas
  5 frilled lizards
  2 goblin skeletons (D:8)
  2 goblin zombies (D:8)
  10 hobgoblin zombies
  16 kobolds
  A kobold skeleton (D:8)
  10 kobold zombies
  An orc skeleton (D:8)
  3 orc zombies
  7 rats
298 creatures vanquished.

Vanquished Creatures (others)
  649 foxfires
  6 fungi
  11 plants
666 creatures vanquished.

Grand Total: 964 creatures vanquished

Notes
Turn   | Place    | Note
-------+----------+-------------------------------------------
     0 | D:1      | raph the Deep Elf Fire Elementalist began the quest for the
                  | Orb.
     0 | D:1      | Reached XP level 1. HP: 10/10 MP: 6/6
   195 | D:1      | Reached XP level 2. HP: 15/15 MP: 4/8
   280 | D:1      | Found Byicugoi's General Store.
  1118 | D:1      | Learned a level 2 spell: Scorch
  1241 | D:1      | Found a faded altar of an unknown god.
  1262 | D:1      | Reached XP level 3. HP: 20/20 MP: 4/9
  1803 | D:2      | Found a basalt altar of Yredelemnul.
  1939 | D:2      | Identified the +6 scale mail "Naid" {Harm}
  2144 | D:2      | Reached skill level 4 in Fire Magic
  2199 | D:1      | Bought a +0 cloak for 54 gold pieces
  2199 | D:1      | Bought a scroll of identify for 24 gold pieces
  2664 | D:3      | Learned a level 3 spell: Conjure Flame
  2740 | D:3      | Reached XP level 4. HP: 24/24 MP: 6/11
  2790 | D:3      | Learned a level 3 spell: Inner Flame
  2790 | D:3      | Noticed a scorpion
  2797 | D:3      | Killed a scorpion
  2798 | D:3      | Reached skill level 1 in Fighting
  2926 | D:3      | Reached XP level 5. HP: 29/29 MP: 8/12
  3241 | D:3      | Noticed a phantom
  3249 | D:3      | Killed a phantom
  3568 | D:4      | Reached XP level 6. HP: 34/34 MP: 10/14
  3757 | D:4      | Reached skill level 5 in Fire Magic
  3921 | D:1      | Bought a scroll of blinking for 90 gold pieces
  4575 | D:4      | Found a shadowy altar of Dithmenos.
  4668 | D:5      | Entered Level 5 of the Dungeon
  4668 | D:5      | Noticed an ice beast
  4675 | D:5      | Killed an ice beast
  4676 | D:5      | Reached XP level 7. HP: 31/40 MP: 6/16
  4774 | D:5      | Learned a level 4 spell: Flame Wave
  4796 | D:5      | Reached skill level 6 in Fire Magic
  4876 | D:5      | Reached skill level 5 in Conjurations
  5251 | D:5      | Found a staircase to the Ecumenical Temple.
  5258 | Temple   | Entered the Ecumenical Temple
  5573 | Temple   | Became a worshipper of Sif Muna the Loreminder
  5827 | D:5      | Reached XP level 8. HP: 31/44 MP: 6/17
  6016 | D:6      | Reached skill level 7 in Fire Magic
  6044 | D:6      | Noticed a red ugly thing
  6531 | D:7      | Reached skill level 8 in Fire Magic
  6734 | D:7      | Found a sand-covered staircase.
  6739 | Ossuary  | Entered an ossuary
  6883 | Ossuary  | Reached * piety under Sif Muna
  7285 | D:7      | Reached skill level 1 in Invocations
  7288 | D:7      | Reached XP level 9. HP: 34/48 MP: 6/18
  7446 | D:7      | Reached skill level 9 in Fire Magic
  7687 | D:7      | Identified the +5 sling of the Abyss {flame, rElec rPois
                  | rCorr Str-2}
  7746 | D:7      | Noticed Prince Ribbit
  7754 | D:7      | Killed Prince Ribbit
  8234 | D:8      | Reached ** piety under Sif Muna
  8754 | D:8      | Reached skill level 10 in Fire Magic
  9181 | D:8      | Found a glowing golden altar of the Shining One.
  9189 | D:8      | Reached skill level 5 in Invocations
  9194 | D:8      | Reached *** piety under Sif Muna
 10265 | D:9      | Reached XP level 10. HP: 50/53 MP: 13/19
 10353 | D:9      | Reached skill level 5 in Spellcasting
 10830 | D:9      | Noticed a centaur warrior
 10838 | D:9      | Killed a centaur warrior
 10840 | D:9      | Noticed a two-headed ogre
 10849 | D:9      | Killed a two-headed ogre
 10850 | D:9      | Reached skill level 5 in Dodging
 10850 | D:9      | Reached skill level 10 in Conjurations
 10921 | D:9      | Found a burning altar of Makhleb.
 10921 | D:9      | Noticed a green death
 11388 | D:9      | Found a staircase to the Lair.
 11729 | Lair:1   | Entered Level 1 of the Lair of Beasts
 11904 | Lair:1   | Noticed a cane toad
 11911 | Lair:1   | Killed a cane toad
 11912 | Lair:1   | Reached skill level 11 in Fire Magic
 11918 | Lair:1   | Reached **** piety under Sif Muna
 12491 | Lair:1   | Learned a level 4 spell: Animate Dead
 12734 | Lair:1   | Noticed a black mamba
 12740 | Lair:1   | Killed a black mamba
 12741 | Lair:1   | Reached skill level 1 in Necromancy
 12816 | Lair:1   | Reached XP level 11. HP: 57/60 MP: 14/23
 13266 | Lair:1   | Noticed Urug
 13291 | Lair:1   | Killed Urug
 13806 | Lair:2   | Noticed a death yak
 13807 | Lair:2   | Noticed a death yak
 14067 | Lair:2   | Noticed a bog body
 14538 | Lair:2   | Noticed an eight-headed hydra
 14545 | Lair:2   | Slain by an eight-headed hydra

Illustrated notes

Levels and vault maps discovered:
D:1:      dpeg_arrival_another_circle, layout_basic,
          shapermc_ecumenical_altar_acropolis, serial_shops, shop_fountains,
          hangedman_abyss_or_decor_lesser_grid
D:2:      layout_loops_ring, basic_altar, minmay_misc_feat_four_crosses,
          moated_statue
D:3:      layout_rooms
D:4:      layout_cave_pods, nicolae_dithmenos_the_darkroom
D:5:      layout_rooms, minmay_temple_entry_drinking_statues,
          minmay_misc_feat_tower, nrook_uturn
D:6:      layout_loops_ring, minmay_manual_monstrance, uniq_edmund, uniq_maggie
D:7:      corexii_shack_village, layout_basic, enter_ossuary_2,
          uniq_prince_ribbit1
D:8:      layout_loops_ring, nicolae_tso_besieged_by_evil
D:9:      layout_loops_ring, makhleb_altar_promises_db, lair_entry_dummy,
          dreamdust_mushroom_princess, kennysheep_small_spiral
Temple:   minmay_temple_bridge_d
Lair:1:   layout_cave_pods, serial_bayou, serial_bayou_pond_a,
          serial_bayou_crossing, serial_bayou_pond_a, serial_bayou_pond_a,
          special_room [special_room_bee], lemuel_fruit_tree,
          grunt_megastairs_3, uniq_urug
Lair:2:   layout_misc_corridors, skrybe_swamp_entry_bodies,
          grunt_forest_small_clearing_treed, infiniplex_staircase_pool_2

Skill      XL: |  1  2  3  4  5  6  7  8  9 10 11 |
---------------+----------------------------------+-----
Conjurations   | 2 3 4 6 8 9 10 | 10.4
Fire Magic     | 4 5 6 8 10 11 | 11.6
Fighting       | 1 2 3 4 |  4.0
Dodging        | 3 4 6 |  6.6
Spellcasting   | 4 6 7 |  7.3
Invocations    | 1 5 6 |  6.9
Necromancy     | 1 3 |  3.7
Stealth        | |  2.4

Action                   |  1- 3 |  4- 6 |  7- 9 | 10-12 || total
-------------------------+-------+-------+-------+-------++-------
Melee: Dagger            |    10 |       |       |       ||    10
       Short sword       |       |       |    10 |       ||    10
       Scimitar          |       |       |    10 |     3 ||    13
 Fire: Shortbow          |       |     7 |       |       ||     7
 Cast: Foxfire           |    82 |    81 |   149 |    95 ||   407
       Scorch            |    20 |    13 |    47 |    60 ||   140
       Conjure Flame     |     1 |     1 |     4 |     7 ||    13
       Flame Wave        |       |       |    28 |    19 ||    47
       Inner Flame       |       |       |     5 |     5 ||    10
Invok: Channel Magic     |       |       |       |     1 ||     1
Evoke: Wand              |       |       |     1 |     3 ||     4
  Use: Scroll            |     3 |     4 |    12 |     4 ||    23
 Stab: Sleeping          |     1 |       |     2 |     1 ||     4
Armor: Robe              |     5 |     3 |    27 |    10 ||    45
Dodge: Dodged            |    15 |     5 |    78 |    56 ||   154
